 Dungeon Crawl Stone Soup version 0.22-a0-348-gd16d139 (webtiles) character file.

350452 RoseArtemis the Slayer (level 20, -13/206 HPs)
             Began as a Minotaur Fighter on Apr 9, 2018.
             Was a High Priest of Okawaru.
             Killed from afar by a deep elf mage (23 damage)
             ... with a bolt of lightning
             ... on level 1 of the Elven Halls.
             The game lasted 02:50:59 (50337 turns).

RoseArtemis the Slayer (Minotaur Fighter)          Turns: 50337, Time: 02:51:00

Health: -13/206    AC: 35    Str: 27    XL:     20   Next: 92%
Magic:  26/26      EV: 18    Int:  8    God:    Okawaru [*****.]
Gold:   3513       SH:  0    Dex: 17    Spells: 19/19 levels left

rFire    + + .     SeeInvis +   B - +1 great sword "Jellybane" {flame, rF+ Int+2 SInv Stlth+}
rCold    + . .     Gourm    .   (shield currently unavailable)
rNeg     . . .     Faith    .   I - +8 plate armour {rF+}
rPois    .         Spirit   .   (helmet restricted)
rElec    .         Reflect  .   N - +2 cloak "Wonnu" {Dex+2}
rCorr    +         Harm     .   U - +2 pair of gloves {Str+3}
MR       +....                  r - +2 pair of boots of the Assassin {Detection Stab+ Stlth++}
Stlth    ..........             s - amulet of the acrobat
HPRegen  0.44/turn              J - ring of protection from cold
MPRegen  0.20/turn              c - ring of resist corrosion

@: liquid flames, very slightly contaminated, glowing, heavily drained
A: retaliatory headbutt, horns 2
}: 3/15 runes: decaying, abyssal, gossamer
a: Heroism, Finesse, Renounce Religion


You were on level 1 of the Elven Halls.
You worshipped Okawaru.
Okawaru was extremely pleased with you.
You were not hungry.

You visited 8 branches of the dungeon, and saw 38 of its levels.
You visited the Abyss 1 time.

You collected 3923 gold pieces.
You spent 410 gold pieces at shops.

Inventory:

Hand Weapons
 B - the +1 great sword "Jellybane" (weapon) {flame, rF+ Int+2 SInv Stlth+}
   (Okawaru gifted it to you on level 4 of the Spider Nest)

   It has been specially enchanted to burn those struck by it, causing extra
   injury to most foes and up to half again as much damage against particularly
   susceptible opponents.
   Big, fiery blades are also staple armaments of hydra-hunters.
   It affects your intelligence (+2).
   It protects you from fire.
   It lets you see invisible.
   It makes you more stealthy.
Missiles
 x - 3 throwing nets (quivered)
Armour
 p - the +12 chain mail of Upoa {rElec rC- Int+5}
   (Okawaru gifted it to you on level 14 of the Dungeon)

   It affects your intelligence (+5).
   It makes you vulnerable to cold.
   It insulates you from electricity.
 r - the +2 pair of boots of the Assassin (worn) {Detection Stab+ Stlth++}
   (You acquired it on level 3 of the Lair of Beasts)

   It makes you much more stealthy.
 I - a +8 plate armour of fire resistance (worn)
 N - the +2 cloak "Wonnu" (worn) {Dex+2}
   (You bought it in a shop on level 2 of the Orcish Mines)

   It affects your dexterity (+2).
 U - a +2 pair of gloves of strength (worn)
Jewellery
 c - a ring of resist corrosion (right hand)
 s - an amulet of the acrobat (around neck)
 H - an uncursed amulet of the gourmand
 J - a ring of protection from cold (left hand)
 V - an uncursed ring of flight {unknown}
 W - an uncursed ring of stealth {unknown}
 X - an uncursed amulet of harm {unknown}
Wands
 i - a wand of paralysis (36)
 j - a wand of polymorph (46)
 n - a wand of random effects (14)
 o - a wand of enslavement (15)
 q - a wand of iceblast (12)
 t - a wand of acid (11)
 C - a wand of digging (38)
 E - a wand of disintegration (13)
 G - a wand of flame (18)
Scrolls
 b - 2 scrolls of brand weapon
 d - a scroll of holy word
 e - 2 scrolls of blinking
 g - 8 scrolls of teleportation
 l - 11 scrolls of magic mapping
 w - 14 scrolls of remove curse
 y - 4 scrolls of fog
 z - 2 scrolls of identify
 A - 2 scrolls of summoning
 F - 7 scrolls of enchant weapon
 K - 5 scrolls of fear
 M - 4 scrolls of amnesia
 P - a scroll of silence
 R - a scroll of enchant armour
Potions
 a - 3 potions of brilliance
 h - 8 potions of curing
 k - 9 potions of flight
 m - 4 potions of heal wounds
 u - a potion of agility
 v - 9 potions of lignification
 D - 8 potions of mutation
 O - a potion of resistance
 Q - 7 potions of cancellation
 S - 9 potions of ambrosia
Miscellaneous
 L - a phial of floods
Comestibles
 f - 54 rations
 T - 8 chunks of flesh


   Skills:
 * Level 24.1(21.8) Fighting
 - Level 20.0(17.8) Long Blades
 - Level 16.0(14.0) Armour
 + Level 18.3(16.2) Dodging
   Level 9.9(8.2) Shields
 - Level 10.0(8.3) Invocations


You had 19 spell levels left.
You didn't know any spells.

Dungeon Overview and Level Annotations

Branches:
Dungeon (15/15)            Temple (1/1) D:5            Lair (6/6) D:9
  Swamp (4/4) Lair:4       Spider (4/4) Lair:2        Slime (0/5) Lair:5
    Orc (2/2) D:12            Elf (2/3) Orc:2        Vaults (4/5) D:13
  Crypt (0/3) Vaults:2     Depths (0/5) D:15

Altars:
Ashenzari
Cheibriados
Dithmenos
Elyvilon
Fedhas
Gozag
Hepliaklqana
Kikubaaqudgha
Makhleb
Nemelex Xobeh
Okawaru
Qazlal
Ru
Sif Muna
Trog
Uskayaw
Vehumet
Wu Jian
Xom
Yredelemnul
Zin
The Shining One
Beogh
Jiyva
Lugonu

Shops:
D:12 ?   Orc:2 *[[*   Vaults:2 %   Vaults:3 ?

Portals:
Trove: D:14 (give 16 potions of curing)

Annotations:
D:6 Prince Ribbit
D:13 exclusion: downstairs
Lair:3 exclusions: downstairs and 2 oklob plants
Lair:4 exclusion: 2 oklob plants
Swamp:4 exclusion: oklob plant


Innate Abilities, Weirdness & Mutations

You reflexively headbutt those who attack you in melee.
You have a pair of horns on your head.


Message History

The deep elf mage misses you. You furiously retaliate!
You headbutt the deep elf mage, but do no damage.
The redback closely misses you. You furiously retaliate!
You headbutt the redback. The fire elemental closely misses you.
You miss the deep elf mage. Your headbutt misses the deep elf mage.
The deep elf mage is almost dead.
The deep elf mage gestures at you while chanting.
The sticky flame hits you! You resist.
You are covered in liquid flames!
* * * LOW HITPOINT WARNING * * *
The redback closely misses you. You furiously retaliate!
You headbutt the redback!
You kill the redback!
The redback's corpse disappears in a puff of smoke!
The fire elemental hits you. The fire elemental burns you! You resist.
* * * LOW HITPOINT WARNING * * *
The deep elf mage points at you and mumbles some strange words.
The bolt of lightning hits the earth elemental.
The earth elemental completely resists.
The bolt of lightning hits you!
You die...

.##.r.##.##
#/..#.## ##..
#).###.####.######
##.###..##.##
##.#).##
#.......)(##
##...#.
).e...§.)##
#......
..##...e§.#
#...... ##.)§r.#
###..## ##.eEE##
#..# #..e@.# ####
.......### .....e#
.....# ....# ...#
..# .#


You could see a deep elf archer, an earth elemental, 4 deep elf magi, a fire
elemental and a hell rat.

Vanquished Creatures
  A bone dragon (Swamp:4)
  A hellephant (Abyss:3)
  Frances (D:14)
  A sphinx (Vaults:3)
  3 thorn hunters
  The ghost of grindst0ne the Demolition Dwarf, an adept DDAr of Makhleb (Spider:1)
  The ghost of Thaneod the Scorcher, an adept OpFE of Vehumet (Elf:1)
  Kirke (Lair:4)
  A fire giant (Vaults:3)
  6 vault wardens
  2 frost giants (Vaults:3)
  3 ghost moths
  5 emperor scorpions
  3 draconian shifters (Abyss:3)
  7 entropy weavers
  7 ironheart preservers
  A very ugly thing (Vaults:4)
  4 stone giants
  2 deep elf demonologists
  A deep elf annihilator (Vaults:3)
  Nessos (Lair:4)
  4 spark wasps
  8 dire elephants (Abyss:3)
  2 ettins
  3 deep elf death magi
  A crystal guardian (Vaults:4)
  Snorg (Lair:4)
  3 yaktaur captains
  Josephine (D:11)
  A fire dragon (Lair:6)
  Fannar (D:11)
  3 rakshasas
  19 hydras
  An ice dragon (Lair:4)
  3 ghost crabs
  2 great orbs of eyes
  6 vault guards
  7 centaur warriors
  2 catoblepae (Lair:4)
  A death knight (D:14)
  4 dancing weapons
  7 ogre magi
  22 two-headed ogres
  13 alligators
  A vampire mage (Vaults:2)
  A tengu warrior (D:15)
  3 deep troll earth magi
  An orc high priest (Orc:2)
  A titan zombie (Vaults:4)
  5 death yaks
  The ghost of Amnesiac the Nimble, a journeyman SpAs of Okawaru (D:10)
  A shock serpent (shapeshifter) (D:14)
  5 deep elf knights
  6 skeletal warriors
  2 spatial maelstroms (Abyss:3)
  12 deep trolls
  An iron troll (Orc:2)
  3 spriggan druids (Swamp:3)
  A lindwurm (Lair:6)
  4 unseen horrors
  A spectral hydra (Swamp:4)
  A wizard (Vaults:2)
  2 flayed ghosts
  2 shambling mangroves
  11 ironbrand convokers
  2 swamp dragons (Swamp:1)
  9 deep elf archers
  A necromancer (Vaults:4)
  2 phantasmal warriors (Swamp:4)
  A shadow dragon zombie (Vaults:4)
  7 orc knights
  Pikel (D:6)
  35 wolf spiders
  12 orb spiders
  3 orc sorcerers
  32 ugly things
  31 deep elf magi
  4 manticores
  7 cyclopes
  A moth of wrath (Spider:4)
  Maurice (Orc:2)
  6 elephants
  8 black mambas
  3 molten gargoyles (Lair:6)
  An apocalypse crab (Abyss:2)
  A gargoyle (D:13)
  13 vault sentinels
  The ghost of TheNamelessOne the Slasher, a novice DsCK of Xom (D:4)
  3 torpor snails
  A spiny frog (shapeshifter) (Vaults:2)
  3 swamp worm zombies (Swamp:4)
  9 komodo dragons
  A kobold demonologist (D:14)
  46 yaktaurs
  A rime drake (Lair:4)
  17 spiny frogs
  17 demonic crawlers
  9 freezing wraiths
  An ancient zyme (Abyss:3)
  3 hydra zombies (Swamp:4)
  A tengu conjurer (D:15)
  A meliai (shapeshifter) (Abyss:3)
  4 polar bears
  26 jumping spiders
  14 trolls
  14 blink frogs
  13 tyrant leeches
  15 hornets
  A spectral swamp dragon (Swamp:4)
  A raiju (shapeshifter) (Vaults:3)
  Grinder (D:6)
  3 alligator zombies (Swamp:4)
  9 bog bodies
  A raiju (Abyss:3)
  17 slime creatures
  6 hippogriffs
  3 air elementals
  98 redbacks
  3 shadows
  3 water elementals
  35 tarantellas
  45 yaks
  2 vampires
  4 spriggans
  11 wyverns
  An ettin skeleton (Vaults:4)
  3 fire bats (Abyss:2)
  5 basilisks
  A ynoxinul (Abyss:3)
  7 wraiths
  A neqoxec (Abyss:3)
  2 fire elementals (Elf:1)
  4 hogs (Lair:4)
  17 vampire mosquitoes
  3 hungry ghosts
  A steam dragon (Lair:6)
  4 wargs
  A spatial vortex (Abyss:3)
  3 acid dragons
  24 insubstantial wisps
  A human simulacrum (Vaults:2)
  13 swamp worms
  12 water moccasins
  2 soldier ants
  4 hell hounds (Lair:6)
  A black bear (shapeshifter) (D:13)
  9 porcupines
  23 orc warriors
  11 swamp drakes
  4 ice beasts
  3 black bears
  32 ogres
  A swamp dragon zombie (Swamp:4)
  A necrophage (D:7)
  23 centaurs
  6 phantoms
  5 boggarts (Vaults:1)
  16 wolves
  A human skeleton (Vaults:4)
  11 crocodiles
  2 big kobolds
  21 bullfrogs
  A deep troll simulacrum (Vaults:4)
  A gnoll sergeant (D:10)
  A glowing shapeshifter simulacrum (Vaults:4)
  A wyvern zombie (D:13)
  A wyvern skeleton (D:11)
  4 scorpions
  7 killer bees
  4 electric eels
  4 howler monkeys
  2 crimson imps
  A quasit (D:10)
  2 centaur zombies
  3 jellies
  5 lava snakes (Lair:6)
  15 orc priests
  4 hounds
  A gnoll shaman (D:9)
  21 orc wizards
  2 bullfrog skeletons
  4 centaur skeletons
  3 iguanas
  9 worker ants
  A spectral swamp drake (Swamp:4)
  A killer bee zombie (D:8)
  A hound skeleton (D:10)
  Robin (D:2)
  17 gnolls
  10 adders
  A shadow imp (D:15)
  2 ufetubi
  An ooze (D:3)
  2 adder skeletons (D:9)
  2 adder zombies
  2 worms
  A dart slug (D:1)
  9 leopard geckos
  88 orcs
  8 bats
  3 giant cockroaches
  7 goblins
  12 hobgoblins
  13 jackals
  12 kobolds
  7 quokkas
  2 ball pythons
  4 frilled lizards
  A leopard gecko skeleton (D:6)
  A quokka zombie (D:6)
  9 rats
  2 briar patches
  A fungus (Lair:6)
  A plant (Lair:4)
1454 creatures vanquished.

Vanquished Creatures (others)
  A spriggan druid (Swamp:3)
  2 deep elf magi (Elf:1)
  A spiny frog (Swamp:4)
  A demonic crawler (Spider:4)
  An alligator zombie (Swamp:4)
  A spriggan (Swamp:2)
  A human (Lair:4)
  A steam dragon (Lair:6)
  3 insubstantial wisps (Swamp:4)
  2 orc warriors (Vaults:3)
  A wyvern skeleton (D:6)
  A hound (D:6)
  A leopard gecko (D:6)
  A jackal (D:6)
  A briar patch (Swamp:4)
  6 fungi
  9 plants
34 creatures vanquished.

Grand Total: 1488 creatures vanquished

Notes
Turn   | Place    | Note
-------+----------+-------------------------------------------
     0 | D:1      | RoseArtemis the Minotaur Fighter began the quest for the Orb.
     0 | D:1      | Reached XP level 1. HP: 19/19 MP: 0/0
   242 | D:1      | Reached XP level 2. HP: 27/27 MP: 1/1
   706 | D:2      | Noticed a centaur
  1008 | D:1      | Reached skill level 4 in Fighting
  1008 | D:1      | Reached XP level 3. HP: 10/33 MP: 2/2
  1276 | D:2      | Found a hazy altar of Hepliaklqana.
  1542 | D:2      | Killed a centaur
  1542 | D:2      | Reached XP level 4. HP: 16/41 MP: 3/3
  1609 | D:2      | Noticed Robin
  1613 | D:2      | Reached XP level 5. HP: 29/47 MP: 4/4
  1622 | D:2      | Killed Robin
  2668 | D:3      | Reached skill level 5 in Long Blades
  2855 | D:3      | Reached XP level 6. HP: 55/55 MP: 5/5
  3136 | D:3      | Reached skill level 5 in Fighting
  3253 | D:3      | Reached skill level 5 in Shields
  3484 | D:4      | Reached skill level 5 in Armour
  3544 | D:4      | Noticed TheNamelessOne's ghost (novice DsCK)
  4038 | D:4      | Reached XP level 7. HP: 60/61 MP: 6/6
  4366 | D:4      | Killed TheNamelessOne's ghost
  4366 | D:4      | Reached skill level 6 in Fighting
  4488 | D:5      | Entered Level 5 of the Dungeon
  4608 | D:5      | Reached XP level 8. HP: 54/70 MP: 7/7
  4717 | D:5      | Found a staircase to the Ecumenical Temple.
  4721 | Temple   | Entered the Ecumenical Temple
  4913 | Temple   | Became a worshipper of Warmaster Okawaru
  4983 | D:5      | Found a shimmering altar of Xom.
  5380 | D:5      | Found a hide-covered altar of Uskayaw.
  5380 | D:5      | Found an ancient bone altar of Kikubaaqudgha.
  5722 | D:5      | Reached skill level 7 in Fighting
  5767 | D:6      | Noticed Pikel
  5774 | D:6      | Killed Pikel
  5774 | D:6      | Reached * piety under Okawaru
  5774 | D:6      | Reached XP level 9. HP: 69/79 MP: 8/8
  5823 | D:6      | Identified the Incunabulum of Igneous Aid
  5847 | D:6      | Learned a level 2 spell: Swiftness
  5854 | D:6      | Learned a level 6 spell: Deflect Missiles
  6282 | D:6      | Noticed Grinder
  6294 | D:6      | Reached ** piety under Okawaru
  6297 | D:6      | Paralysed by Grinder for 2 turns
  6308 | D:6      | Killed Grinder
  6308 | D:6      | Reached skill level 10 in Long Blades
  6309 | D:6      | Reached skill level 8 in Fighting
  6436 | D:6      | Found a deep blue altar of Sif Muna.
  6783 | D:6      | Noticed Prince Ribbit
  7052 | D:7      | Found a glowing golden altar of the Shining One.
  7436 | D:7      | Found a white marble altar of Elyvilon.
  7780 | D:8      | Found a glowing silver altar of Zin.
  8267 | D:8      | Reached XP level 10. HP: 88/90 MP: 9/9
  8550 | D:8      | Killed an unseen horror
  8550 | D:8      | Reached *** piety under Okawaru
  9355 | D:9      | Reached skill level 9 in Fighting
  9369 | D:9      | Found a shadowy altar of Dithmenos.
  9398 | D:9      | Found a staircase to the Lair.
 10040 | D:9      | Found a shimmering altar of Xom.
 10196 | D:10     | Entered Level 10 of the Dungeon
 10219 | D:10     | Noticed Amnesiac's ghost (journeyman SpAs)
 10268 | D:10     | Killed Amnesiac's ghost
 10268 | D:10     | Reached **** piety under Okawaru
 10540 | D:10     | Noticed a two-headed ogre
 10563 | D:10     | Killed a two-headed ogre
 10734 | D:10     | Reached XP level 11. HP: 81/99 MP: 7/10
 11258 | D:10     | Reached skill level 10 in Fighting
 11664 | D:11     | Reached skill level 1 in Dodging
 11827 | D:11     | Reached skill level 1 in Invocations
 11864 | D:11     | Killed an unseen horror
 12705 | D:11     | Noticed Josephine
 12721 | D:11     | Killed Josephine
 12721 | D:11     | Reached ***** piety under Okawaru
 12725 | D:11     | Noticed Fannar
 12770 | D:11     | Killed Fannar
 12770 | D:11     | Received a gift from Okawaru
 13498 | D:12     | Noticed a brown ugly thing
 13509 | D:12     | Killed a brown ugly thing
 13527 | D:12     | Found a staircase to the Orcish Mines.
 13592 | D:12     | Found Ykhaderr's Magic Scroll Shoppe.
 13640 | D:12     | Bought a scroll of identify for 28 gold pieces
 13640 | D:12     | Bought a scroll of identify for 28 gold pieces
 13640 | D:12     | Bought a scroll of identify for 28 gold pieces
 13640 | D:12     | Bought a scroll of remove curse for 42 gold pieces
 13969 | D:12     | Reached skill level 11 in Fighting
 14589 | Lair:1   | Entered Level 1 of the Lair of Beasts
 14732 | Lair:1   | Reached XP level 12. HP: 89/110 MP: 14/14
 14737 | Lair:1   | Reached skill level 5 in Dodging
 14959 | Lair:1   | Noticed a six-headed hydra
 14968 | Lair:1   | Killed a ten-headed hydra
 15112 | Lair:1   | Reached skill level 5 in Invocations
 15562 | Lair:2   | Noticed a seven-headed hydra
 15573 | Lair:2   | Killed a 12-headed hydra
 15614 | Lair:2   | Reached skill level 12 in Fighting
 15845 | Lair:2   | Found a hole to the Spider Nest.
 16169 | Lair:2   | Found a hazy altar of Hepliaklqana.
 16501 | Lair:3   | Noticed a six-headed hydra
 16516 | Lair:3   | Killed a 14-headed hydra
 16951 | Lair:3   | Noticed a six-headed hydra
 16959 | Lair:3   | Killed a nine-headed hydra
 17089 | Lair:3   | Received a gift from Okawaru
 17392 | Lair:3   | Identified a scroll of acquirement
 17394 | Lair:3   | Found the +2 pair of boots of the Assassin {Detection Stab+ Stlth++}
 17707 | Lair:3   | Found the +2 Maxwell's thermic engine {flame, freeze, rF- rC-}
 17923 | Lair:4   | Noticed a catoblepas
 17923 | Lair:4   | Noticed a catoblepas
 17941 | Lair:4   | Noticed Nessos
 17944 | Lair:4   | Noticed a five-headed hydra
 17967 | Lair:3   | Killed a ten-headed hydra
 17967 | Lair:3   | Reached skill level 13 in Fighting
 17967 | Lair:3   | Reached XP level 13. HP: 42/122 MP: 5/17
 18255 | Lair:4   | Killed Nessos
 18399 | Lair:4   | Noticed Kirke
 18431 | Lair:4   | Killed Kirke
 18582 | Lair:4   | Received a gift from Okawaru
 19007 | Lair:4   | Noticed Snorg
 19020 | Lair:4   | Killed Snorg
 19103 | Lair:4   | Reached skill level 15 in Long Blades
 19441 | Lair:4   | Found a staircase to the Swamp.
 20424 | Lair:5   | Found a viscous altar of Jiyva.
 20425 | Lair:5   | Found a staircase to the Slime Pits.
 20475 | Lair:6   | Entered Level 6 of the Lair of Beasts
 20775 | Lair:6   | Reached skill level 14 in Fighting
 21041 | Lair:6   | Reached skill level 10 in Dodging
 21042 | Lair:6   | Reached XP level 14. HP: 101/132 MP: 14/19
 21414 | Lair:6   | Received a gift from Okawaru
 22674 | Lair:6   | Found a large runed door.
 22675 | Lair:6   | Found a large runed door.
 23313 | Orc:1    | Entered Level 1 of the Orcish Mines
 23841 | Orc:2    | Entered Level 2 of the Orcish Mines
 23865 | Orc:2    | Paralysed by an orc sorcerer for 3 turns
 23869 | Orc:1    | Paralysed by an orc sorcerer for 3 turns
 24017 | Orc:2    | Found a roughly hewn altar of Beogh.
 24017 | Orc:2    | Found a staircase to the Elven Halls.
 24209 | Orc:2    | Noticed Maurice
 24217 | Orc:2    | Killed Maurice
 24221 | Orc:2    | Reached skill level 10 in Invocations
 24447 | Orc:2    | Found Echucze's Armour Emporium.
 24567 | Orc:2    | Reached skill level 15 in Fighting
 24664 | Orc:2    | Received a gift from Okawaru
 24878 | Orc:2    | Found Reghededgh's Assorted Antiques.
 24881 | Orc:2    | Found Zyret's General Store.
 24903 | Orc:2    | Bought a murky cyan potion for 20 gold pieces
 24905 | Orc:2    | Found Radghomu's Antique Armour Shoppe.
 24914 | Orc:2    | Bought a slimy cloak for 218 gold pieces
 24919 | Orc:2    | Identified the +2 cloak "Wonnu" {Dex+2} (You bought it in a shop on level 2 of the Orcish Mines)
 25100 | D:13     | Reached XP level 15. HP: 140/141 MP: 21/21
 25333 | D:13     | Found a gate to the Vaults.
 25811 | Orc:2    | Bought a scroll of identify for 46 gold pieces
 26036 | D:13     | Found a corrupted altar of Lugonu.
 26399 | D:14     | Noticed Frances
 27126 | D:14     | Killed Frances
 27126 | D:14     | Received a gift from Okawaru
 27131 | D:14     | Got a shimmering chain mail {god gift}
 27192 | D:14     | Identified the +12 chain mail of Upoa {rElec rC- Int+5} (Okawaru gifted it to you on level 14 of the Dungeon)
 27679 | D:14     | Found a portal to a secret trove of treasure.
 28053 | D:15     | Entered Level 15 of the Dungeon
 28312 | D:15     | Found a shattered altar of Ashenzari.
 28517 | D:15     | Found a staircase to the Depths.
 28727 | D:15     | Reached skill level 16 in Fighting
 29670 | Spider:1 | Entered Level 1 of the Spider Nest
 29752 | Spider:1 | Noticed grindst0ne's ghost (adept DDAr)
 29776 | Spider:1 | Killed grindst0ne's ghost
 29921 | Spider:1 | Reached skill level 10 in Armour
 30425 | Spider:1 | Received a gift from Okawaru
 30440 | Spider:1 | Got a translucent great sword {god gift}
 30442 | Spider:1 | Identified the +8 great sword of the Assorted Wishes {drain, Dex+5} (Okawaru gifted it to you on level 1 of the Spider Nest)
 30825 | Spider:1 | Reached XP level 16. HP: 152/152 MP: 22/22
 31254 | Spider:2 | Reached XP level 17. HP: 160/160 MP: 23/23
 32028 | Spider:2 | Received a gift from Okawaru
 32507 | Spider:3 | Reached skill level 17 in Fighting
 33646 | Spider:4 | Entered Level 4 of the Spider Nest
 34070 | Spider:4 | Reached ****** piety under Okawaru
 34070 | Spider:4 | Reached skill level 18 in Fighting
 34296 | Spider:4 | Received a gift from Okawaru
 34303 | Spider:4 | Reached XP level 18. HP: 44/172 MP: 24/24
 34308 | Spider:4 | Got a brightly glowing great sword {god gift}
 34640 | Spider:4 | Identified the +1 great sword "Jellybane" {flame, rF+ Int+2 SInv Stlth+} (Okawaru gifted it to you on level 4 of the Spider Nest)
 35140 | Spider:4 | Got a gossamer rune of Zot
 35865 | Swamp:1  | Entered Level 1 of the Swamp
 36886 | Swamp:2  | Reached skill level 15 in Dodging
 36890 | Swamp:2  | Received a gift from Okawaru
 37023 | Swamp:2  | Reached skill level 19 in Fighting
 37810 | Swamp:3  | Received a gift from Okawaru
 39102 | Swamp:4  | Entered Level 4 of the Swamp
 40149 | Swamp:4  | Reached skill level 20 in Fighting
 40694 | Swamp:4  | Noticed a bone dragon
 40714 | Swamp:4  | Killed a bone dragon
 41052 | Swamp:4  | Got a decaying rune of Zot
 41463 | Vaults:1 | Entered Level 1 of the Vaults
 41513 | Vaults:1 | Received a gift from Okawaru
 41523 | Vaults:1 | Reached XP level 19. HP: 174/186 MP: 25/25
 42772 | Vaults:1 | Reached skill level 15 in Armour
 43146 | Vaults:2 | Received a gift from Okawaru
 43198 | Vaults:1 | Reached skill level 21 in Fighting
 44107 | Vaults:2 | Found a staircase to the Crypt.
 44497 | Vaults:2 | Found Iquit's Food Shoppe.
 44544 | Vaults:2 | Cast into level 2 of the Abyss (a wizard)
 44656 | Abyss:3  | Noticed a hellephant
 44679 | Abyss:3  | Found a corrupted altar of Lugonu.
 44789 | Abyss:3  | Noticed a hellephant
 44796 | Abyss:3  | Found a corrupted altar of Lugonu.
 44804 | Abyss:3  | Killed a hellephant
 44810 | Abyss:3  | Got an abyssal rune of Zot
 44818 | Abyss:3  | Received a gift from Okawaru
 44823 | Vaults:2 | Escaped the Abyss
 45258 | Vaults:2 | Identified the Guide on Dusty Bewitchment
 45493 | Vaults:2 | Reached skill level 22 in Fighting
 45809 | Vaults:3 | Reached XP level 20. HP: 200/200 MP: 23/26
 46649 | Vaults:3 | Reached skill level 23 in Fighting
 46688 | Vaults:3 | Received a gift from Okawaru
 47530 | Vaults:3 | Found Ybiepn's Magic Scroll Shop.
 48469 | Vaults:4 | Received a gift from Okawaru
 48482 | Vaults:4 | Got a dazzling long sword {god gift}
 48483 | Vaults:4 | Identified the +9 long sword of the Genius {slice, Dex+4} (Okawaru gifted it to you on level 4 of the Vaults)
 49181 | Elf:1    | Entered Level 1 of the Elven Halls
 49193 | Elf:1    | Noticed Thaneod's ghost (adept OpFE)
 49371 | Elf:1    | Killed Thaneod's ghost
 49865 | Elf:1    | You fall through a shaft!
 50212 | Elf:1    | Reached skill level 24 in Fighting
 50324 | Elf:1    | HP: 9/206 [Tzitzimitl/bolt of cold[a deep elf demonologist] (18)]
 50332 | Elf:1    | HP: 8/206 [fire elemental[a deep elf mage] (3)]
 50337 | Elf:1    | HP: 10/206 [fire elemental[a deep elf mage] (3)]
 50337 | Elf:1    | Killed from afar by a deep elf mage

Vault maps used:
D:1:      dpeg_arrival_snail
D:2:      old_standard_altar, uniq_robin
D:3:      serial_bayou, serial_bayou_shore_a, serial_bayou_pond_b,
          serial_bayou_pond_c, serial_bayou_ford_a
D:4:      minmay_checkerbox
D:5:      amethyst_overflow_temple_binary, temple_hall_moat, first_ration,
          basic_altar
D:6:      lemuel_ice_spiral_2, overflow_temple_1_default, minmay_liquid_box,
          grunt_tough_drop, uniq_grinder, uniq_pikel, uniq_prince_ribbit1
D:7:      basic_altar, grunt_ogre_cave, tso_altar
D:8:      nicolae_overflow_crystal_walls
D:9:      lemuel_coloured_pillars_altar, kennysheep_mini_moat, lair_entry_dummy,
          kennysheep_path_1
D:11:     uniq_fannar, uniq_josephine
D:12:     orc_0_dummy, serial_shops, shop
D:13:     statuecave_lemuel, david_vaults_2, tgw_lugonu_bribe
D:14:     enter_trove_2, minmay_misc_feat_pillars, water_maze_lemuel,
          uniq_frances
D:15:     hangedman_depths_entry_civil_slaughter, nicolae_ashenzari_panopticon
Temple:   regret_index_temple_generic_petals
Lair:1:   infiniplex_staircase_pool
Lair:2:   dummy_spider_entry, basic_altar
Lair:3:   minmay_lair_oklob_chamber, grunt_megastairs_1, lemuel_fruit_fields
Lair:4:   nzn_motion_control, nicolae_swamp_entry_splash_gauntlet,
          portal_ice_cave_entry_animals_and_master, disabler_island, uniq_kirke,
          uniq_snorg, uniq_nessos
Lair:5:   dpeg_slime_entry_enclosed_altar, grunt_megastairs_2, lemuel_fruit_tree
Lair:6:   cheibrodos_lair_end_hotspot
Swamp:1:  evilmike_swamp_ruin_house_1
Swamp:2:  hangedman_swamp_ruin_wall, swamp_pool5
Swamp:3:  evilmike_swamp_ruin_house_6
Swamp:4:  swamp_pestilence, infiniplex_staircase_pool_2
Spider:1: spider_trap
Spider:2: spider_trap
Spider:3: spider_trap
Spider:4: guppyfry_spider_rune, hangedman_spider_tarantella_strand
Orc:2:    st_orc_open, mines1_david, uniq_maurice
Elf:1:    minmay_elf_arrival_summoners, minmay_elf_demonology,
          roderic_lattice_octagonal_star
Elf:2:    lemuel_flamethrower_1
Vaults:1: v_pattern_2, nicolae_vaults_asterisk, nicolae_vaults_little_squares_2,
          vaults_room_grunt_arrival_checkpoint, v_misc_12,
          ontoclasm_vaults_hangar, nicolae_vaults_diagonal_hallway_8,
          hangedman_vaults_capsules, nicolae_vaults_yaktaur_gun_rack
Vaults:2: v_alt_pattern_4, minmay_crypt_entry_simple_box,
          vaults_room_semicircle, nicolae_vaults_network_quinsquares,
          nicolae_vaults_diagonal_hallway_8,
          vaults_standard_mumra_enter_the_diamond, v_misc_1, v_misc_8,
          vaults_room_pool, serial_shops, shop
Vaults:3: nicolae_vaults_big_ls, nicolae_vaults_display_case,
          hangedman_vaults_stitches, ontoclasm_vaults_fault, v_pattern_4,
          nicolae_vaults_theta, v_misc_4, serial_shops, nicolae_shop_crystal
Vaults:4: nicolae_vaults_ninety_degrees, v_misc_14, vaults_room_grid,
          vaults_room_hallway, nicolae_vaults_asterisk,
          nicolae_vaults_murderbox, vaults_room_door_ring,
          ontoclasm_vaults_idyll, serial_ice_b
Abyss:2:  patterned_corridor, minivault_25_ag
Abyss:3:  evilmike_abyss_rune_elephants_shrine

Skill      XL: |  1  2  3  4  5  6  7  8  9 10 11 12 13 14 15 16 17 18 19 20 |
---------------+-------------------------------------------------------------+-----
Long Blades    | 3 4 5 6 7 9 11 12 14 15 17 19 20 | 20.0
Fighting       | 4 5 6 7 8 9 11 13 14 15 16 18 20 22 24 | 24.1
Shields        | 4 5 6 7 8 9 |  9.9
Armour         | 4 5 6 7 8 9 10 12 14 16 | 16.0
Dodging        | 4 8 10 11 12 13 14 15 17 18 | 18.3
Invocations    | 4 7 9 10 | 10.0

Action                   |  1- 3 |  4- 6 |  7- 9 | 10-12 | 13-15 | 16-18 | 19-21 || total
-------------------------+-------+-------+-------+-------+-------+-------+-------++-------
Melee: Long sword        |    56 |   162 |   351 |   629 |       |       |       ||  1198
       Headbutt          |     6 |    25 |    73 |   209 |   373 |   316 |   405 ||  1407
       Unarmed           |       |    13 |       |       |    24 |       |       ||    37
       Great sword       |       |       |       |   215 |  1056 |   983 |  1002 ||  3256
Throw: Throwing net      |       |       |       |     1 |       |       |       ||     1
Invok: Heroism           |       |       |     4 |    36 |    40 |    16 |    20 ||   116
       Finesse           |       |       |       |     4 |    17 |     7 |    12 ||    40
Evoke: Wand              |       |       |       |       |       |       |     1 ||     1
  Use: Scroll            |     3 |     4 |     8 |    20 |     8 |     9 |     8 ||    60
       Potion            |     1 |     1 |     2 |     6 |     7 |     4 |    15 ||    36
 Stab: Confused          |       |       |       |       |       |     1 |       ||     1
       Distracted        |       |       |       |       |       |       |     1 ||     1
  Eat: Chunk             |     1 |     9 |    10 |    26 |    25 |    16 |    15 ||   102
       Ration            |       |       |     1 |     2 |     5 |     6 |     4 ||    18
Armor: Scale mail        |    39 |    49 |    72 |       |       |       |       ||   160
       Plate armour      |       |       |    59 |   488 |   627 |   677 |   494 ||  2345
Dodge: Dodged            |    30 |    50 |    61 |   273 |   807 |  1061 |   981 ||  3263
Block: Shield            |    40 |    93 |   151 |   353 |       |       |       ||   637
       Rpst.: Long sword |     7 |    10 |    13 |    26 |       |       |       ||    56
       Great sword       |       |       |       |    26 |   183 |   173 |   217 ||   599

Table legend:
 A = Spawn XP
 B = Non-spawn XP
 C = Spawn XP percentage of total XP
 D = Spawn monster count
 E = Non-spawn monster count
 F = Spawn count percentage of total count
 G = Total turns spent on level
                    A         B        C        D         E        F      G
               +---------+---------+-------+---------+---------+-------+---------
         Total |    3020 |  509693 |   0.6 |      11 |    1446 |   0.8 | 50337
               +---------+---------+-------+---------+---------+-------+---------
           D:1 |       0 |      21 |   0.0 |       0 |      11 |   0.0 |  1041
           D:2 |       0 |     254 |   0.0 |       0 |      33 |   0.0 |  1507
           D:3 |       0 |     330 |   0.0 |       0 |      30 |   0.0 |  1225
           D:4 |       0 |     664 |   0.0 |       0 |      20 |   0.0 |   715
           D:5 |       0 |    1111 |   0.0 |       0 |      27 |   0.0 |  1035
           D:6 |       0 |    1894 |   0.0 |       0 |      26 |   0.0 |  1271
           D:7 |       0 |     905 |   0.0 |       0 |      19 |   0.0 |   725
           D:8 |       0 |    1367 |   0.0 |       0 |      27 |   0.0 |  1287
           D:9 |       0 |    1734 |   0.0 |       0 |      29 |   0.0 |  1259
          D:10 |       0 |    4217 |   0.0 |       0 |      32 |   0.0 |  1495
          D:11 |       0 |    5614 |   0.0 |       0 |      37 |   0.0 |  1899
          D:12 |       0 |    2322 |   0.0 |       0 |      26 |   0.0 |  1191
          D:13 |       0 |   10702 |   0.0 |       0 |      37 |   0.0 |  1890
          D:14 |       0 |   13565 |   0.0 |       0 |      35 |   0.0 |  1210
          D:15 |       0 |   14298 |   0.0 |       0 |      33 |   0.0 |  1400
        Lair:1 |       0 |    4985 |   0.0 |       0 |      26 |   0.0 |  1004
        Lair:2 |       0 |    5306 |   0.0 |       0 |      22 |   0.0 |  1048
        Lair:3 |       0 |    7983 |   0.0 |       0 |      28 |   0.0 |  1773
        Lair:4 |       0 |   14589 |   0.0 |       0 |      34 |   0.0 |  1613
        Lair:5 |       0 |    6042 |   0.0 |       0 |      20 |   0.0 |  1273
        Lair:6 |       0 |   20859 |   0.0 |       0 |      68 |   0.0 |  2159
       Swamp:1 |       0 |   11786 |   0.0 |       0 |      28 |   0.0 |  1036
       Swamp:2 |       0 |   14503 |   0.0 |       0 |      36 |   0.0 |   937
       Swamp:3 |       0 |   14740 |   0.0 |       0 |      39 |   0.0 |  1546
       Swamp:4 |       0 |   31102 |   0.0 |       0 |      68 |   0.0 |  1892
      Spider:1 |       0 |   13299 |   0.0 |       0 |      35 |   0.0 |  1511
      Spider:2 |       0 |   21231 |   0.0 |       0 |      53 |   0.0 |  1361
      Spider:3 |       0 |   23108 |   0.0 |       0 |      70 |   0.0 |  1165
      Spider:4 |       0 |   38847 |   0.0 |       0 |      87 |   0.0 |  2061
         Orc:1 |       0 |    1740 |   0.0 |       0 |      16 |   0.0 |   689
         Orc:2 |       0 |   19689 |   0.0 |       0 |      62 |   0.0 |  1267
         Elf:1 |       0 |   19564 |   0.0 |       0 |      33 |   0.0 |   688
         Elf:2 |       0 |    4145 |   0.0 |       0 |       8 |   0.0 |   323
      Vaults:1 |       0 |   30244 |   0.0 |       0 |      65 |   0.0 |  2141
      Vaults:2 |       0 |   43708 |   0.0 |       0 |      62 |   0.0 |  1778
      Vaults:3 |       0 |   66643 |   0.0 |       0 |     117 |   0.0 |  2281
      Vaults:4 |       0 |   17383 |   0.0 |       0 |      32 |   0.0 |  1130
       Abyss:2 |    1030 |       0 | 100.0 |       4 |       0 | 100.0 |    34
       Abyss:3 |    1990 |   19199 |   9.4 |       7 |      15 |  31.8 |   245
               +---------+---------+-------+---------+---------+-------+---------
